 Dungeon Crawl Stone Soup version 0.31.0-11-ge490571c62 (webtiles) character file.

Game seed: 8592024577804048718

64 Buffagor the Insei (level 4, -5/32 HPs)
             Began as a Merfolk Shapeshifter on Feb 10, 2024.
             Slain by a ribbon worm (7 damage)
             ... on level 2 of the Dungeon.
             The game lasted 00:02:27 (994 turns).

Buffagor the Insei (Merfolk Shapeshifter)            Turns: 994, Time: 00:02:28

Health: -5/32      AC:  2    Str: 14    XL:     4   Next: 12%
Magic:  4/4        EV: 12    Int:  9    God:
Gold:   23         SH:  0    Dex: 15    Spells: 3/3 levels left

rFire   . . .        o - +5 dagger
rCold   . . .        (no shield)
rNeg    . . .        a - +0 animal skin
rPois   .            (helmet currently unavailable)
rElec   .            (cloak currently unavailable)
rCorr   .            (gloves currently unavailable)
SInv    .            (boots currently unavailable)
Will    .....        (no amulet)
Stlth   +            (no ring)
HPRegen 0.25/turn    (no ring)
MPRegen 0.09/turn

%: no passive effects
@: lethally poisoned (-5 -> -9), beast-form
A: beast (slay +2), (nimble swimmer 2), mertail
a: Begin Untransformation


You were on level 2 of the Dungeon.
You were a hulking beast.
You visited 1 branch of the dungeon, and saw 2 of its levels.

You collected 23 gold pieces.

Inventory:

Hand Weapons
 o - a +5 dagger (weapon)
Armour
 a - a +0 animal skin (worn)
 g - a +0 pair of gloves
 j - a +0 pair of gloves
Talismans
 c - a beast talisman
 d - a flux talisman
Scrolls
 e - a scroll of enchant armour {unknown}
 f - a scroll of summoning {unknown}
 h - a scroll of poison {unknown}
 l - 2 scrolls of teleportation {unknown}
 m - a scroll of identify {unknown}
 p - a scroll of revelation {unknown}
Potions
 b - a potion of lignification
 i - a potion of degeneration {unknown}
 k - a potion of attraction {unknown}


   Skills:
 - Level 1.1 Fighting
 - Level 2.6 Dodging
 + Level 5.3 Unarmed Combat
 - Level 4.0 Shapeshifting


You had 3 spell levels left.
You didn't know any spells.
Your spell library contained the following spells:

 Spells                   Type           Power      Damage    Failure   Level
 Apportation              Tloc           0%         N/A       38%         1
 Jinxbite                 Hex            0%         N/A       52%         2
 Alistair's Intoxication  Alch           0%         N/A       100%        5


Dungeon Overview and Level Annotations

Branches:
Dungeon (2/15)

Altars:


Innate Abilities, Weirdness & Mutations

You are a hulking beast.
Your limbs bulge with bestial killing power. (Slay +2)
((You are very nimble when in or above water. (Stealth+, EV+, Speed+++)))
Your lower body shifts to a powerful aquatic tail in water.


Message History

You are too injured to fight recklessly!
You are too injured to fight recklessly!
You are too injured to fight recklessly!
You are too injured to fight recklessly!
You are too injured to fight recklessly!
You are too injured to fight recklessly!
You are too injured to fight recklessly!
You are too injured to fight recklessly!
Unknown command.
The adder closely misses you. The adder attacks as it pursues you!
The adder bites you but does no damage.
You miss the adder.
The adder is moderately wounded.
The adder bites you.
You are poisoned.
The adder poisons you! The adder bites you.
You barely miss the adder. Your punch misses the adder.
The adder is moderately wounded.
You feel sick. The adder closely misses you.
You hit the adder.
The adder is almost dead.
You feel sick. The adder bites you.
* * * LOW HITPOINT WARNING * * *
You are lethally poisoned!
The adder poisons you!
You hit the adder.
You kill the adder!
* * * LOW HITPOINT WARNING * * *
You feel sick.
You have reached level 4!
You puncture the ribbon worm!
The ribbon worm is heavily wounded.
* * * LOW HITPOINT WARNING * * *
You feel sick.
The ribbon worm bites you but does no damage.
You hit the ribbon worm.
The ribbon worm is severely wounded.
* * * LOW HITPOINT WARNING * * *
You feel sick. The ribbon worm bites you!
You die...

# #.####### ###.......#
#####
#.........###########...####
+.........wh........'...'..>
#.........###########...###.
#.........# #...# #.
#.........# #...###.
#.$.....!.# ###.....
+........?# ##'###+
#.........# #......
.........# #...... #......


You could see a ribbon worm.

Vanquished Creatures
  An adder (D:2)
  4 dart slugs
  7 endoplasms
  5 goblins
  2 hobgoblins (D:1)
  3 jackals (D:1)
  5 quokkas
  6 ball pythons
  2 bats
  2 frilled lizards
  3 kobolds (D:1)
  A rat (D:1)
41 creatures vanquished.

Notes
Turn   | Place    | Note
-------+----------+-------------------------------------------
     0 | D:1      | Buffagor the Merfolk Shapeshifter began the quest for the
                  | Orb.
     0 | D:1      | Reached XP level 1. HP: 15/15 MP: 1/1
   200 | D:1      | Reached skill level 4 in Unarmed Combat
   200 | D:1      | Reached XP level 2. HP: 21/21 MP: 2/2
   474 | D:1      | Reached XP level 3. HP: 21/26 MP: 3/3
   569 | D:1      | Found a faded altar of an unknown god.
   613 | D:1      | Reached skill level 5 in Unarmed Combat
   993 | D:2      | Reached XP level 4. HP: 4/32 MP: 4/4
   994 | D:2      | Slain by a ribbon worm

Illustrated notes

Levels and vault maps discovered:
D:1:      heliophobic_arrival_ceremonial_halls, layout_basic,
          shapermc_ecumenical_altar_mp_urbaneastern, item_on_display_a
D:2:      layout_basic

Skill      XL: |  1  2  3 |
---------------+----------+-----
Unarmed Combat | 4 5 |  5.3
Fighting       | |  1.1
Dodging        | |  2.6
Shapeshifting  | |  4.0

Action                     |  1- 3 |  4- 6 || total
---------------------------+-------+-------++-------
  Melee: Unarmed           |    72 |       ||    72
         Dagger            |    16 |     2 ||    18
         Punch             |     1 |       ||     1
  Throw: Stone             |    17 |       ||    17
 Armour: Animal skin       |    51 |     2 ||    53
  Dodge: Dodged            |    44 |       ||    44
